 Dungeon Crawl Stone Soup version 0.26-a0-652-gafc20e3620 (webtiles) character file.

Game seed: 5150486433356864396

59878 jasper the Blocker (level 14, 0/104 HPs)
             Began as a Demonspawn Fire Elementalist on Oct 3, 2020.
             Was the Champion of Cheibriados.
             Slain by Jorgrun
             ... wielding a +0 vorpal quarterstaff
              (16 damage)
             ... on level 12 of the Dungeon.
             The game lasted 00:47:20 (23898 turns).

jasper the Blocker (Demonspawn Fire Elementalist)  Turns: 23898, Time: 00:47:22

Health: 0/104      AC: 22    Str: 24    XL:     14   Next: 54%
Magic:  0/23       EV: 12    Int: 38    God:    Cheibriados [******]
Gold:   1170       SH: 15    Dex: 29    Spells: 9/25 levels left

rFire    + . .     SeeInvis .     - Unarmed
rCold    + . .     Faith    .   j - +0 kite shield
rNeg     + . .     Spirit   +   D - +7 ring mail of the Desert {rPois MR++ Str+2}
rPois    +         Reflect  .   (helmet restricted)
rElec    .         Harm     .   l - +1 cloak {MR+}
rCorr    +         Rampage  .   y - +0 pair of gloves
MR       ++++.                  L - +2 pair of boots
Stlth    ++........             p - amulet of regeneration
HPRegen  0.67/turn              Z - ring of Kyhosuniu {rPois rF+ rC+ Str-3 Int+3}
MPRegen  0.36/turn              Q - ring of positive energy

@: grasped by roots, constricted, very slow
A: antennae 2, yellow scales 3, magic shield, magic regeneration, rot immunity
a: Bend Time, Temporal Distortion, Slouch, Step From Time, Renounce Religion


You were on level 12 of the Dungeon.
You worshipped Cheibriados.
Cheibriados was exalted by your worship.
You visited 3 branches of the dungeon, and saw 19 of its levels.
You also visited: Bailey.

You collected 1170 gold pieces.

Inventory:

Missiles
 g - 103 poisoned darts (quivered)
 F - 2 throwing nets
Armour
 h - +0 acid dragon scales
 j - a +0 kite shield (worn)
 l - a +1 cloak of magic resistance (worn)
 t - a scarf of repulsion
 y - a +0 pair of gloves (worn)
 D - the +7 ring mail of the Desert (worn) {rPois MR++ Str+2}
   (You found it on level 5 of the Dungeon)

   It affects your strength (+2).
   It protects you from poison.
   It affects your resistance to hostile enchantments.
 L - a +2 pair of boots (worn)
Jewellery
 p - an amulet of regeneration (around neck)
 r - a +6 ring of dexterity
 x - an uncursed ring of ice
 M - an uncursed ring of stealth
 Q - a ring of positive energy (right hand)
 V - an uncursed amulet of the acrobat {unknown}
 Z - the ring of Kyhosuniu (left hand) {rPois rF+ rC+ Str-3 Int+3}
   (You found it on level 6 of the Lair of Beasts)

   [ring of protection from cold]

   It affects your strength (-3).
   It affects your intelligence (+3).
   It protects you from fire.
   It protects you from cold.
   It protects you from poison.
Wands
 w - a wand of flame (2)
 z - a wand of polymorph (22)
Scrolls
 d - a scroll of brand weapon
 i - a scroll of blinking
 n - 5 scrolls of amnesia
 q - 10 scrolls of remove curse
 s - 3 scrolls of magic mapping
 u - 2 scrolls of immolation
 v - 5 scrolls of enchant armour
 A - 2 scrolls of fear
 B - 4 scrolls of fog {unknown}
 E - 2 scrolls of noise {unknown}
 J - 2 scrolls of acquirement {unknown}
 P - 3 scrolls of teleportation
 T - a scroll of silence {unknown}
 X - a scroll of identify
Potions
 a - a potion of stabbing {unknown}
 b - 3 potions of haste
 k - 3 potions of flight
 C - 2 potions of degeneration
 G - a potion of ambrosia
 K - 4 potions of curing
 N - 2 potions of mutation
 R - a potion of cancellation
 S - a potion of brilliance
 U - 2 potions of invisibility
 W - a potion of resistance {unknown}
 Y - a potion of heal wounds
Miscellaneous
 I - a lightning rod (4/4)
 O - a tin of tremorstones (inert)


   Skills:
 - Level 7.7 Fighting
 - Level 4.8 Dodging
 - Level 1.7 Stealth
 - Level 13.8 Shields
 * Level 11.8 Unarmed Combat
 - Level 6.0 Spellcasting
 - Level 5.0 Conjurations
 - Level 5.0 Fire Magic
 - Level 13.0 Invocations


You had 9 spell levels left.
You knew the following spells:

 Your Spells              Type           Power        Failure   Level
a - Foxfire               Conj/Fire      ####         1%          1
b - Sticky Flame          Conj/Fire      #####...     7%          4
c - Lee's Rapid Deconstr  Erth           ##........   83%         5
d - Passwall              Tmut/Erth      ##......     9%          2
e - Petrify               Tmut/Erth      ##......     50%         4

Your spell library contained the following spells:

 Spells                   Type           Power        Failure   Level
 Shock                    Conj/Air       ####         1%          1
 Conjure Flame            Conj/Fire      #####...     2%          3
 Corona                   Hex            ##.....      5%          1
 Sandblast                Erth           ##....       5%          1
 Sting                    Tmut/Pois      ##..         5%          1
 Dazzling Flash           Conj/Hex       ####..       6%          3
 Inner Flame              Hex/Fire       ####....     6%          3
 Stone Arrow              Conj/Erth      ####..       6%          3
 Ensorcelled Hibernation  Hex/Ice        ##....       9%          2
 Poisonous Vapours        Pois/Air       ##....       9%          2
 Swiftness                Air            ##......     9%          2
 Ignite Poison            Fire/Tmut/Pois ###.....     9%          3
 Mephitic Cloud           Conj/Pois/Air  ###.....     9%          3
 Confusing Touch          Hex            ##......     17%         3
 Tukima's Dance           Hex            ##......     17%         3
 Fireball                 Conj/Fire      #####.....   21%         5
 Ice Form                 Ice/Tmut       ##......     50%         4
 Olgreb's Toxic Radiance  Pois           ##......     50%         4
 Summon Ice Beast         Ice/Summ       ##......     50%         4
 Summon Lightning Spire   Summ/Air       ##......     50%         4


Dungeon Overview and Level Annotations

Branches:
Dungeon (12/15)            Temple (1/1) D:6            Lair (6/6) D:9
 Shoals (0/4) Lair:4       Spider (0/4) Lair:4        Slime (0/5) Lair:6
    Orc (0/2) D:12         Bailey (visited)

Altars:
Ashenzari
Cheibriados
Dithmenos
Fedhas
Gozag
Hepliaklqana
Makhleb
Qazlal
Ru
Sif Muna
Uskayaw
Wu Jian
Xom
Yredelemnul
Zin
The Shining One

Shops:
D:11 (

Annotations:
D:12 Jorgrun
Lair:6 2 runed translucent doors, ardl's ghost, journeyman MiFi


Innate Abilities, Weirdness & Mutations

You have a pair of antennae on your head.
You are completely covered in yellow scales. (AC +4, rCorr)
When hurt, damage is shared between your health and your magic reserves.
You regenerate magic rapidly.
You are immune to rotting.


Message History

The grasping roots constrict you.
You closely miss Jorgrun.
Jorgrun is heavily wounded.
Jorgrun burns!
You block Jorgrun's attack. The grasping roots constrict you!
You barely miss Jorgrun.
Jorgrun is heavily wounded.
Jorgrun hits you but does no damage. The grasping roots constrict you!
You barely miss Jorgrun.
Jorgrun is heavily wounded.
Jorgrun burns!
You barely miss Jorgrun.
Jorgrun is severely wounded.
Jorgrun burns!
You block Jorgrun's attack. The grasping roots constrict you.
You closely miss Jorgrun.
Jorgrun is severely wounded.
Jorgrun burns!
Jorgrun casts a spell at you. The iron shot hits you!!
* * * LOW HITPOINT WARNING * * *
You die...

.. ... #.## ...
# #.#
.###.###.####
............#
(....(g@.####.#
########..>...#
#.###### #.# #.
#.# #. #.# #.#
#.# #.# #.# #.#
#.#


You could see Jorgrun (burning, poisoned).

Vanquished Creatures
  Nessos (Lair:5)
  Snorg (Lair:6)
  Fannar (Lair:1)
  4 hydras
  4 catoblepae
  An ogre mage (D:11)
  5 death yaks (Lair:6)
  3 two-headed ogres
  Urug (D:10)
  Sonja (Lair:5)
  Pikel (D:8)
  2 manticores (Lair:6)
  A cyclops (D:11)
  17 elephants
  4 black mambas
  18 cane toads
  A kobold demonologist (D:11)
  A rime drake (Lair:3)
  6 komodo dragons
  3 jumping spiders (Lair:4)
  A troll (D:11)
  2 polar bears
  12 hippogriffs
  12 blink frogs
  Sigmund (D:2)
  A snapping turtle (Lair:4)
  3 redbacks (Lair:4)
  2 wraiths (D:10)
  64 yaks
  A wyvern (D:11)
  3 basilisks
  Grum (D:8)
  A vampire mosquito (D:11)
  An acid dragon (D:11)
  17 water moccasins
  A swamp drake (D:9)
  7 porcupines
  5 sky beasts
  4 black bears
  14 orc warriors
  An eye of draining (D:12)
  6 ice beasts
  9 ogres
  3 phantoms
  16 wolves
  2 centaurs
  11 crocodiles
  2 big kobolds
  18 bullfrogs
  A wyvern zombie (D:9)
  11 killer bees
  4 scorpions
  8 wights
  4 electric eels
  5 hounds
  A quasit (D:11)
  13 orc priests
  2 centaur zombies
  2 jellies
  2 bullfrog skeletons
  11 orc wizards
  2 iguanas
  9 worker ants
  A killer bee zombie (D:7)
  2 hound skeletons
  2 worker ant zombies
  2 gnolls (Bailey)
  12 adders
  A white imp (D:8)
  2 oozes
  2 adder skeletons
  3 worms
  3 dart slugs
  10 leopard geckos
  40 orcs
  9 giant cockroaches
  9 goblins
  7 hobgoblins
  10 jackals
  5 quokkas
  18 bats
  10 frilled lizards
  A jackal skeleton (D:4)
  32 kobolds
  A quokka skeleton (D:5)
  5 rats
559 creatures vanquished.

Vanquished Creatures (others)
  13 foxfires (D:1)
  56 fungi
  53 plants
122 creatures vanquished.

Grand Total: 681 creatures vanquished

Notes
Turn   | Place    | Note
-------+----------+-------------------------------------------
     0 | D:1      | jasper the Demonspawn Fire Elementalist began the quest for
                  | the Orb.
     0 | D:1      | Reached XP level 1. HP: 13/13 MP: 3/3
   608 | D:1      | Gained mutation: When hurt, damage is shared between your
                  | health and your magic reserves. [demonic ancestry]
   608 | D:1      | Reached XP level 2. HP: 19/19 MP: 3/5
  1541 | D:2      | Reached skill level 1 in Unarmed Combat
  1582 | D:2      | Gained mutation: You have a pair of small antennae on your
                  | head. [demonic ancestry]
  1582 | D:2      | Reached XP level 3. HP: 25/25 MP: 6/6
  1927 | D:2      | Reached skill level 1 in Fighting
  2083 | D:2      | Reached skill level 1 in Shields
  2429 | D:2      | Noticed Sigmund
  2446 | D:2      | Killed Sigmund
  2446 | D:2      | Reached XP level 4. HP: 24/33 MP: 3/7
  2446 | D:2      | Reached XP level 5. HP: 28/38 MP: 3/8
  2674 | D:2      | Found an ornate altar of the Wu Jian Council.
  2830 | D:3      | Gained mutation: You are partially covered in yellow
                  | scales. (AC +2) [demonic ancestry]
  2830 | D:3      | Reached XP level 6. HP: 33/46 MP: 6/9
  2946 | D:3      | Found a hide-covered altar of Uskayaw.
  3463 | D:3      | Found a sacrificial altar of Ru.
  3473 | D:3      | Found a burning altar of Makhleb.
  4271 | D:4      | Noticed an orc warrior
  4290 | D:4      | Killed an orc warrior
  4290 | D:4      | Gained mutation: You are immune to rotting. [demonic
                  | ancestry]
  4290 | D:4      | Reached XP level 7. HP: 38/52 MP: 7/10
  4413 | D:5      | Entered Level 5 of the Dungeon
  4474 | D:5      | Got a smelly ring mail
  4538 | D:5      | Identified the +7 ring mail of the Desert {rPois MR++
                  | Str+2} (You found it on level 5 of the Dungeon)
  4616 | D:5      | Reached skill level 5 in Unarmed Combat
  4711 | D:5      | Found a burning altar of Makhleb.
  5002 | D:5      | Gained mutation: You are mostly covered in yellow scales.
                  | (AC +3) [demonic ancestry]
  5002 | D:5      | Reached XP level 8. HP: 61/61 MP: 7/11
  5098 | D:6      | Found a stormy altar of Qazlal.
  5154 | D:6      | Found a staircase to the Ecumenical Temple.
  5167 | Temple   | Entered the Ecumenical Temple
  5195 | Temple   | Became a worshipper of Cheibriados the Contemplative
  5819 | D:6      | Reached skill level 5 in Fighting
  6200 | D:7      | Reached * piety under Cheibriados
  6351 | D:7      | Reached skill level 5 in Shields
  6376 | D:7      | Reached XP level 9. HP: 61/68 MP: 10/12
  6408 | D:7      | Found a shadowy altar of Dithmenos.
  6881 | D:8      | Found a shimmering altar of Xom.
  6881 | D:8      | Found a shimmering altar of Xom.
  6881 | D:8      | Found a shimmering altar of Xom.
  6881 | D:8      | Found a shimmering altar of Xom.
  6881 | D:8      | Found a shimmering altar of Xom.
  6881 | D:8      | Found a shimmering altar of Xom.
  6881 | D:8      | Found a shimmering altar of Xom.
  6918 | D:8      | Noticed Pikel
  6943 | D:8      | Killed Pikel
  7069 | D:8      | Reached ** piety under Cheibriados
  7429 | D:8      | Found a shimmering altar of Xom.
  7429 | D:8      | Noticed a harpy
  7576 | D:8      | Noticed Grum
  7602 | D:8      | Killed Grum
  7951 | D:8      | Gained mutation: You regenerate magic rapidly. [demonic
                  | ancestry]
  7951 | D:8      | Reached XP level 10. HP: 79/79 MP: 11/13
  8045 | D:8      | Reached *** piety under Cheibriados
  8213 | D:8      | Noticed a seven-headed hydra
  8267 | D:8      | Noticed a death drake
  8344 | D:9      | Learned a level 4 spell: Sticky Flame
  8529 | D:9      | Noticed a two-headed ogre
  8531 | D:9      | Found a blossoming altar of Fedhas.
  8541 | D:9      | Learned a level 5 spell: Lee's Rapid Deconstruction
  8546 | D:9      | Killed a two-headed ogre
  8962 | D:9      | Found a broken altar of Ashenzari.
  9117 | D:9      | Found an opulent altar of Gozag.
  9183 | D:9      | Reached skill level 10 in Unarmed Combat
  9322 | D:9      | Reached skill level 1 in Invocations
  9499 | D:10     | Entered Level 10 of the Dungeon
  9533 | D:10     | Reached **** piety under Cheibriados
  9972 | D:10     | Reached skill level 5 in Invocations
 10210 | D:10     | Noticed Urug
 10233 | D:10     | Killed Urug
 10233 | D:10     | Gained mutation: You have a pair of antennae on your head.
                  | [demonic ancestry]
 10233 | D:10     | Reached XP level 11. HP: 50/85 MP: 10/15
 10419 | D:11     | Found a flagged portal.
 10425 | D:11     | Noticed a two-headed ogre
 10445 | D:11     | Killed a two-headed ogre
 10497 | Bailey   | Entered a bailey
 10797 | Bailey   | Reached ***** piety under Cheibriados
 11444 | D:11     | Found Peopheg's Weapon Boutique.
 11738 | D:11     | Noticed an ogre mage
 11742 | D:11     | Reached skill level 10 in Invocations
 11742 | D:11     | Killed an ogre mage
 11827 | D:11     | Identified Loil's Papyrus of the Frostbite and Flight
 12238 | D:9      | Found a staircase to the Lair.
 12920 | Lair:1   | Entered Level 1 of the Lair of Beasts
 13102 | Lair:1   | Reached XP level 12. HP: 90/92 MP: 21/21
 13502 | Lair:1   | Noticed Fannar
 13527 | Lair:1   | Killed Fannar
 13552 | Lair:1   | Noticed an eight-headed hydra
 13570 | Lair:1   | Killed an eight-headed hydra
 13570 | Lair:1   | Reached skill level 10 in Shields
 13868 | Lair:1   | Learned a level 2 spell: Passwall
 16067 | Lair:3   | Noticed a five-headed hydra
 16655 | Lair:3   | Killed a five-headed hydra
 18387 | Lair:4   | Noticed a four-headed hydra
 18395 | Lair:4   | Killed a four-headed hydra
 18395 | Lair:4   | Reached XP level 13. HP: 98/98 MP: 22/22
 18538 | Lair:4   | Found a hole to the Spider Nest.
 19187 | Lair:4   | Found a staircase to the Shoals.
 19615 | Lair:5   | HP: 3/98 [catoblepas (13)]
 19996 | Lair:5   | Noticed Sonja
 20004 | Lair:5   | Killed Sonja
 20383 | Lair:5   | Noticed Nessos
 20400 | Lair:5   | Killed Nessos
 20531 | Lair:5   | Reached skill level 5 in Fire Magic
 20663 | Lair:5   | Reached skill level 5 in Conjurations
 20919 | Lair:6   | Entered Level 6 of the Lair of Beasts
 21135 | Lair:6   | Reached skill level 5 in Spellcasting
 21320 | Lair:6   | Gained mutation: You are completely covered in yellow
                  | scales. (AC +4, rCorr) [demonic ancestry]
 21320 | Lair:6   | Reached XP level 14. HP: 47/104 MP: 6/23
 21411 | Lair:6   | Found a large runed translucent door.
 21411 | Lair:6   | Found a large runed translucent door.
 21412 | Lair:6   | Noticed ardl's ghost (journeyman MiFi)
 21532 | Lair:6   | Noticed Snorg
 21558 | Lair:6   | Killed Snorg
 21701 | Lair:6   | Learned a level 4 spell: Petrify
 21989 | Lair:6   | Found a staircase to the Slime Pits.
 22594 | Lair:6   | Reached ****** piety under Cheibriados
 22991 | Lair:6   | Got a crude marble ring
 22993 | Lair:6   | Identified the ring of Kyhosuniu {rPois rF+ rC+ Str-3
                  | Int+3} (You found it on level 6 of the Lair of Beasts)
 23752 | D:12     | Found a staircase to the Orcish Mines.
 23881 | D:12     | Noticed Jorgrun
 23898 | D:12     | Slain by Jorgrun

Illustrated notes

Levels and vault maps discovered:
D:1:      heliophobic_arrival_battle_scene, layout_basic
D:2:      layout_loops_ring, marbit_many_paths, grunt_ministairs_14,
          uniq_sigmund
D:3:      layout_loops_cross, lemuel_crystal_altar,
          amethyst_overflow_temple_binary
D:4:      layout_loops_cross, grunt_ministairs_2, minmay_misc_feat_pillars
D:5:      layout_gridville, basic_altar
D:6:      layout_basic, kennysheep_mini_moat,
          minmay_temple_entry_drinking_statues
D:7:      layout_basic, old_standard_altar
D:8:      layout_basic, xom_shifter_show, uniq_grum, uniq_pikel
D:9:      layout_loops_ring, kennysheep_little_box, lemuel_crystal_altar,
          erik_lair_dragon, fedhas_altar_2
D:10:     layout_loops_ring, uniq_urug
D:11:     old_forge, layout_long_grid, enter_bailey_2, serial_shops, shop,
          minmay_the_grid_square_5x5_3x3_mashed
          [minmay_the_grid_square_5x5_hourglass,
          minmay_the_grid_square_5x5_two_walls_a,
          minmay_the_grid_square_5x5_three,
          minmay_the_grid_square_5x5_hollow_slash,
          minmay_the_grid_square_5x5_megaprize_checkered,
          minmay_the_grid_square_5x5_tie, minmay_the_grid_square_5x5_trominoes,
          minmay_the_grid_square_5x5_corner,
          minmay_the_grid_square_5x5_almost_minimal]
D:12:     layout_loops_ring, david_orc_4, kennysheep_windowed_goal,
          uniq_frances, uniq_jorgrun, uniq_gastronok
Temple:   jpeg_temple_clearing
Lair:1:   layout_hall_layers, chequers_serial_rivers_micro_c, uniq_fannar
Lair:2:   layout_regular_city, nicolae_quartered_pool_super,
          serial_bayou_pond_a, serial_bayou_shore_a, serial_bayou_shore_b
Lair:3:   layout_layer_cave, gammafunk_lair_bear_cave, grunt_megastairs_4,
          infiniplex_staircase_pool, lemuel_fruit_tree, serial_bayou_shore_b,
          serial_bayou_shore_b
Lair:4:   layout_gridlike, minmay_shoals_entry_hut,
          nicolae_spider_entry_tight_spaces, st_stairs_7, beast_lair_carwin_8,
          grunt_megastairs_5
Lair:5:   layout_small_grid, uniq_sonja, uniq_nessos
Lair:6:   evilmike_catoblepas_cave, layout_regular_city,
          dpeg_slime_entry_corner, ebering_ghost_disaster_area,
          grunt_megastairs_1, infiniplex_staircase_pool_2, uniq_snorg

Skill      XL: |  1  2  3  4  5  6  7  8  9 10 11 12 13 14 |
---------------+-------------------------------------------+-----
Unarmed Combat | 1 3 4 5 7 9 10 11 | 11.8
Fighting       | 2 3 4 5 7 |  7.7
Shields        | 2 3 4 5 6 8 9 12 13 | 13.8
Invocations    | 6 13 | 13.0
Conjurations   | 5 |  5.0
Fire Magic     | 5 |  5.0
Spellcasting   | 6 |  6.0
Dodging        | 4 |  4.8
Stealth        | |  1.7

Action                   |  1- 3 |  4- 6 |  7- 9 | 10-12 | 13-15 || total
-------------------------+-------+-------+-------+-------+-------++-------
Melee: Short sword       |   107 |       |       |       |       ||   107
       Whip              |    53 |   149 |    77 |       |       ||   279
       Unarmed           |       |       |   465 |  1069 |   789 ||  2323
Throw: Dart              |    12 |    48 |    31 |   133 |   127 ||   351
 Cast: Foxfire           |    10 |       |       |       |       ||    10
       Sticky Flame      |       |       |       |       |    73 ||    73
Invok: Slouch            |       |       |       |     7 |     6 ||    13
Evoke: Wand              |       |       |    20 |    11 |    16 ||    47
       Tin of tremorston |       |       |       |     3 |     3 ||     6
       Lightning rod     |       |       |       |       |     2 ||     2
  Use: Scroll            |       |       |     9 |     6 |     3 ||    18
       Potion            |       |       |    10 |     3 |     4 ||    17
 Stab: Sleeping          |     3 |     2 |       |       |     2 ||     7
       Invisible         |       |       |     1 |     9 |       ||    10
       Held in net/web   |       |       |       |     1 |       ||     1
       Petrified         |       |       |       |       |     2 ||     2
Armor: Leather armour    |    45 |    56 |    12 |       |       ||   113
       Robe              |     1 |       |       |       |       ||     1
       Ring mail         |       |       |   161 |   319 |   314 ||   794
       Skin              |       |       |    13 |     8 |       ||    21
Dodge: Dodged            |    91 |    73 |   148 |   381 |   297 ||   990
       Repelled          |       |       |     2 |     1 |       ||     3
Block: Buckler           |     8 |       |       |       |       ||     8
       Kite shield       |    47 |    78 |   224 |   717 |   680 ||  1746

Table legend: (Time is in decaauts)
 A = Elapsed time spent in this place.
 B = Non-inter-level travel time spent in this place.
 C = Inter-level travel time spent in this place.
 D = Time resting spent in this place.
 E = Time spent auto-exploring this place.
 F = Levels seen in this place.
 G = Mean time per level.
                   A        B        C        D        E       F      G
               +--------+--------+--------+--------+--------+-----+--------+
         Total |  31855 |  29801 |   2054 |   3712 |  20246 |  20 | 1592.8 |
       Dungeon |  15767 |  14466 |   1301 |   1093 |  10152 |  12 | 1313.9 |
        Temple |     63 |     30 |     33 |      0 |     21 |   1 |   63.0 |
          Lair |  14980 |  14261 |    719 |   2388 |   9566 |   6 | 2496.7 |
        Bailey |   1044 |   1044 |      0 |    231 |    506 |   1 | 1044.0 |
               +--------+--------+--------+--------+--------+-----+--------+

Top non-repeatable levels by time:
  Lair:6: 3252 daAuts
  Lair:4: 2692 daAuts
  Lair:3: 2659 daAuts
  Lair:2: 2555 daAuts
     D:9: 2435 daAuts
     D:8: 2063 daAuts
  Lair:1: 1989 daAuts
  Lair:5: 1829 daAuts
     D:1: 1526 daAuts
    D:10: 1415 daAuts
    D:11: 1339 daAuts
     D:6: 1326 daAuts
     D:7: 1259 daAuts
     D:2: 1217 daAuts
     D:4: 1051 daAuts
